Map: Bridgehead LE (Void)

Players

Beastyqt

  • Race: Terran Terran
  • League: Diamond

BIGBOY (Patience) - Winner!

  • Race: Protoss Protoss
  • League: Master

Event: ASL Season 5 Prime League LOTV Beta

VOD

Have the link to the VOD?

Description

Time

  • Played on: Sept. 16, 2015, 9:03 p.m.
  • Length: 5:03

All games in this series

Show
View Real Time Build Order
Export as new Build Order

Beastyqt Terran 

Build Orders:  

Get SALT Encoding   

  12  0:01  SCV  
  13  0:13  SCV  
  14  0:17  Supply Depot  
  14  0:25  SCV  
  15  0:29  Refinery  
  15  0:39  SCV  
  16  0:45  Barracks  
  16  0:51  SCV  
  17  0:57  Refinery  
  17  1:03  SCV  
  18  1:15  SCV  
  19  1:31  Barracks Tech Lab  
  19  1:32  Orbital Command  
  19  1:38  Ghost Academy  
  19  1:49  Supply Depot  
  19  1:58  SCV  
  20  2:09  Ghost  
  20  2:12  SCV  
  23  2:21  Personal Cloaking  
  23  2:25  SCV  
  24  2:38  Ghost  
  24  2:41  SCV  
  27  2:53  Supply Depot, SCV  
  27  3:06  SCV  
  28  3:17  Command Center  
  28  3:21  SCV  
  29  3:29  Factory  
  29  3:32  Barracks Reactor  
  29  3:34  SCV  
  30  3:44  Barracks  
  26  3:56  SCV  
  26  3:58  Supply Depot  
  27  4:09  Marine x2  
  27  4:12  Cyclone  
  27  4:14  SCV  
  33  4:24  Bunker  
  33  4:26  SCV  
  33  4:28  Marine x2  
  33  4:30  Orbital Command  
  36  4:31  Barracks Tech Lab  
  36  4:44  SCV  
Show
View Real Time Build Order
Export as new Build Order

BIGBOY Protoss - Winner!

Build Orders: 1 Gate Expand 

Get SALT Encoding   

  12  0:00  Probe (Chrono Boost)  
  13  0:11  Probe (Chrono Boost)  
  14  0:19  Pylon  
  14  0:22  Probe (Chrono Boost)  
  15  0:36  Probe (Chrono Boost)  
  15  0:39  Gateway  
  16  0:47  Probe (Chrono Boost)  
  17  0:57  Probe (Chrono Boost)  
  18  1:07  Probe (Chrono Boost), Assimilator  
  19  1:21  Nexus  
  19  1:23  Probe (Chrono Boost)  
  20  1:35  Cybernetics Core  
  20  1:36  Probe (Chrono Boost)  
  21  1:46  Probe (Chrono Boost)  
  22  1:51  Pylon  
  22  1:56  Probe (Chrono Boost)  
  22  1:58  Assimilator  
  23  2:12  Mothership Core (Chrono Boost)  
  27  2:23  Warp Gate (Chrono Boost)  
  27  2:30  Probe (Chrono Boost)  
  27  2:33  Probe (Chrono Boost)  
  29  2:40  Probe (Chrono Boost)  
  29  2:43  Probe (Chrono Boost)  
  29  2:46  Robotics Facility  
  29  2:49  Pylon  
  29  2:50  Probe (Chrono Boost)  
  30  2:53  Probe (Chrono Boost)  
  30  2:55  Adept  
  33  3:00  Probe (Chrono Boost)  
  33  3:03  Probe (Chrono Boost)  
  35  3:12  Gateway  
  36  3:14  Gateway  
  36  3:18  Gateway  
  35  3:20  Probe (Chrono Boost)  
  35  3:22  Probe  
  37  3:29  Pylon  
  37  3:31  Observer (Chrono Boost)  
  37  3:40  Pylon  
  35  3:44  Probe x2  
  35  3:47  Pylon  
  36  3:52  Warp Prism  
  35  4:01  Probe (Chrono Boost)  
  35  4:02  Probe (Chrono Boost)  
  38  4:06  Assimilator  
  38  4:09  Assimilator  
  38  4:16  Probe (Chrono Boost)  
  40  4:18  Probe (Chrono Boost)  
  40  4:21  Adept x2  
  40  4:22  Adept x2  
  48  4:26  Observer  
  48  4:31  Probe (Chrono Boost)  
  50  4:32  Probe (Chrono Boost)  
  51  4:49  Probe x2  
  53  4:55  Adept  
  53  4:56  Adept x3  
Tags
 
Add a new tag
Caveats
  • Supply blocks, unpowered buildings, or Contaminate may cause inaccurate times.
  • Supply counts are checked every 10 seconds.